 Dungeon Crawl Stone Soup version 0.31-a0-574-g69dc8cc98e (webtiles) character file.

Game seed: 3558883131498584975

1725654 motkurizz the Slayer (level 26, 264/264 HPs)
             Began as a Minotaur Gladiator on Aug 18, 2023.
             Was the Champion of Ru.
             Escaped with the Orb
             ... and 3 runes on Aug 19, 2023!
             The game lasted 02:50:17 (63793 turns).

motkurizz the Slayer (Minotaur Gladiator)          Turns: 63793, Time: 02:50:17

Health: 264/264    AC: 49    Str: 42      XL:     26   Next: 1%
Magic:  19/19      EV: 13    Int:  3      God:    Ru [******]
Gold:   5254       SH: 20    Dex: 16 (17) Spells: 25/25 levels left

rFire   + + .        a - +9 broad axe (vamp)
rCold   + + +        L - +0 kite shield {rC+}
rNeg    . . .        A - +12 gold dragon scales
rPois   +            w - +2 hat of the Tanner {Will+}
rElec   +            v - +1 cloak of Starlight {*Dazzle EV+4 Stlth--}
rCorr   .            Z - +0 pair of gloves {Str+3}
SInv    +            R - +0 pair of boots of the Lobster {Rampage rElec Str+5 Int-3}
Will    ++...        G - amulet of Astitil {Reflect Dex+2 SH+5} Stlth
                     p - ring "Cexkofro" {rC++ Int+6 Dex+3 Stlth-}
HPRegen 0.64/turn    y - ring of Canoim {+Blink rF+ Slay+3 SInv}
MPRegen 0.16/turn

%: reflection, clarity, rampage
@: studying Invocations
A: horns 2, low MP 1, no stealth, hated by all, inability to train dodging, no
hexes magic, no poison magic, no translocations magic, unskilled 1, retaliatory
headbutt, clarity, dopey 2, shaggy fur 1, electricity resistance, strong 1,
noise suppression
0: Orb of Zot
}: 3/15 runes: decaying, silver, gossamer
a: Renounce Religion, Evoke Blink, Draw Out Power, Power Leap, Apocalypse


You escaped.
You worshipped Ru.
Ru was exalted by your worship.
You visited 9 branches of the dungeon, and saw 47 of its levels.
You also visited: Ossuary, Bailey, Gauntlet and Ice Cave.

You collected 8086 gold pieces.
You spent 2832 gold pieces at shops.

Inventory:

Hand Weapons
 a - a +9 vampiric broad axe (weapon)
 b - the +8 trident of the Octopus King {venom, rElec rPois}
   (You found it on level 6 of the Dungeon)

   rElec:     It insulates you from electricity.
   rPois:     It protects you from poison
 j - the +0 flail of Zin, Imbibing {antimagic, Dex+3}
   (You found it on level 13 of the Dungeon)

   Dex+3:     It affects your dexterity (+3).
 K - a +3 eveningstar of pain
Missiles
 D - 5 throwing nets
 E - 4 silver javelins
 V - 7 curare-tipped darts
Armour
 v - the +1 cloak of Starlight (worn) {*Dazzle EV+4 Stlth--}
   (You acquired it on level 1 of the Spider Nest)

   *Dazzle:   It may blind those who miss an attack against the wearer in melee
   combat.
   EV+4:      It affects your evasion (+4).
   Stlth--:   It makes you much less stealthy.
 w - the +2 hat of the Tanner (worn) {Will+}
   (You found it on level 1 of the Lair of Beasts)

   Will+:     It increases your willpower.
 A - +12 gold dragon scales (worn)
 C - a scarf of repulsion
 L - a +0 kite shield of cold resistance (worn)
 R - the +0 pair of boots of the Lobster (worn) {Rampage rElec Str+5 Int-3}
   (You found it on level 5 of the Vaults)

   Str+5:     It affects your strength (+5).
   Int-3:     It affects your intelligence (-3).
   rElec:     It insulates you from electricity.
   Rampage:   It bestows one free step when moving towards enemies.
 Z - a +0 pair of gloves of strength (worn)
Jewellery
 e - a +5 ring of evasion
 h - the necklace of Bloodlust {Fury *Rage Will++ Int-3 Slay+6}
   (You found it in a Gauntlet)

   [amulet of nothing]

   Fury:      It extends the wearer's berserk rage when killing foes.
   Int-3:     It affects your intelligence (-3).
   Slay+6:    It affects your accuracy & damage with ranged weapons and melee
   (+6).
   Will++:    It greatly increases your willpower.
   *Rage:     It berserks you when you make melee attacks (+50% chance).
 n - a ring of protection from fire
 p - the ring "Cexkofro" (left hand) {rC++ Int+6 Dex+3 Stlth-}
   (You took it off a deep elf elementalist on level 3 of the Elven Halls)

   [ring of intelligence]

   Int+6:     It affects your intelligence (+6).
   Dex+3:     It affects your dexterity (+3).
   rC++:      It greatly protects you from cold.
   Stlth-:    It makes you less stealthy.
 y - the ring of Canoim (right hand) {+Blink rF+ Slay+3 SInv}
   (You bought it in a shop on level 1 of the Depths)

   [ring of protection from fire]

   Slay+3:    It affects your accuracy & damage with ranged weapons and melee
   (+3).
   rF+:       It protects you from fire.
   SInv:      It lets you see invisible.
   +Blink:    It lets you blink.
 F - a ring of willpower
 G - the amulet of Astitil (around neck) {Reflect Dex+2 SH+5}
   (You found it on level 3 of the Vaults)

   [amulet of reflection]

   Reflect:   It reflects blocked missile attacks.
   Dex+2:     It affects your dexterity (+2).
   SH+5:      It affects your SH (+5).
 J - a +4 ring of protection
 W - a ring of protection from fire
Wands
 g - a wand of mindburst (40)
 r - a wand of iceblast (69)
 T - a wand of digging (24)
 Y - a wand of quicksilver (36)
Scrolls
 c - 3 scrolls of brand weapon
 l - 16 scrolls of teleportation
 u - 8 scrolls of immolation
 B - 6 scrolls of silence
 N - 5 scrolls of poison
 O - 9 scrolls of blinking
 P - 6 scrolls of fear
 Q - 4 scrolls of revelation
 U - 8 scrolls of fog
Potions
 d - 4 potions of haste
 f - 16 potions of curing
 k - 2 potions of berserk rage
 o - 8 potions of heal wounds
 q - 3 potions of cancellation
 s - 14 potions of attraction
 t - 10 potions of ambrosia
 z - 3 potions of resistance
 H - 4 potions of brilliance
 I - 9 potions of enlightenment
 M - 4 potions of might
 S - 5 potions of mutation
 X - a potion of invisibility
Miscellaneous
 i - a lightning rod (4/4)
 m - a phial of floods
 x - a tin of tremorstones (2/2)


   Skills:
 + Level 26.8 Fighting
 + Level 26.3(27) Axes
 - Level 8.4(19.2) Maces & Flails
 - Level 9.3(19.5) Polearms
 - Level 1.7 Throwing
 + Level 26.7 Armour
 - Level 18.4 Shields
 - Level 2.8 Unarmed Combat
 - Level 9.1 Evocations


You had 25 spell levels left.
You didn't know any spells.
Your spell library contained the following spells:

 Spells                   Type           Power      Damage    Failure   Level
 Foxfire                  Conj/Fire      0%         2x1d4     94%         1
 Kiss of Death            Conj/Necr      0%         2d5       94%         1
 Magic Dart               Conj           0%         1d3       94%         1
 Necrotise                Necr           0%         1d4       94%         1
 Sandblast                Erth           0%         2d4       94%         1
 Shock                    Conj/Air       0%         1d3       94%         1
 Passwall                 Tmut/Erth      0%         N/A       98%         2
 Static Discharge         Conj/Air       0%         2-2/arc   98%         2
 Sublimation of Blood     Necr           0%         N/A       98%         2
 Wereblood                Tmut           0%         N/A       98%         2
 Frozen Ramparts          Ice            0%         1d1       100%        3
 Ozocubu's Armour         Ice            0%         N/A       100%        3
 Stone Arrow              Conj/Erth      0%         3d7       100%        3
 Swiftness                Air            0%         N/A       100%        3
 Vampiric Draining        Necr           0%         2d6       100%        3
 Airstrike                Air            0%         2d(0-16)  100%        4
 Dispel Undead            Necr           0%         3d6       100%        4
 Flame Wave               Conj/Fire      0%         2d4       100%        4
 Petrify                  Tmut/Erth      0%         N/A       100%        4
 Sticky Flame             Conj/Fire      0%         2d3       100%        4
 Agony                    Necr           0%         N/A       100%        5
 Arcjolt                  Conj/Air       0%         1d10      100%        5
 Borgnjor's Vile Clutch   Necr/Erth      0%         N/A       100%        5
 Fireball                 Conj/Fire      0%         3d3       100%        5
 Freezing Cloud           Conj/Ice/Air   0%         6-21      100%        5
 Lee's Rapid Deconstruct  Erth           0%         3d4*      100%        5
 Plasma Beam              Fire/Air       0%         2x1d10    100%        6
 Starburst                Conj/Fire      0%         6d3       100%        6
 Orb of Destruction       Conj           0%         9d5       100%        7
 Borgnjor's Revivificati  Necr           0%         N/A       100%        8
 Ignition                 Fire           0%         3d3       100%        8
 Lehudib's Crystal Spear  Conj/Erth      0%         10d2      100%        8
 Maxwell's Capacitive Co  Air            0%         ∞         100%        8
 Death's Door             Necr           0%         N/A       100%        9
 Cigotuvi's Dreadful Rot  Necr/Pois/Air  Unusable   N/A       N/A         2
 Ensorcelled Hibernation  Hex/Ice        Unusable   N/A       N/A         2
 Confusing Touch          Hex            Unusable   N/A       N/A         3
 Dazzling Flash           Conj/Hex       Unusable   N/A       N/A         3
 Ignite Poison            Fire/Tmut/Pois Unusable   N/A       N/A         3
 Summon Guardian Golem    Hex/Summ       Unusable   N/A       N/A         3
 Vhi's Electric Charge    Tloc/Air       Unusable   N/A       N/A         3
 Volatile Blastmotes      Fire/Tloc      Unusable   2d10      N/A         3
 Animate Armour           Summ/Erth      Unusable   N/A       N/A         4
 Cause Fear               Hex            Unusable   N/A       N/A         4
 Summon Lightning Spire   Summ/Air       Unusable   N/A       N/A         4
 Metabolic Englaciation   Hex/Ice        Unusable   N/A       N/A         5
 Silence                  Hex/Air        Unusable   N/A       N/A         5
 Death Channel            Necr           Unusable   N/A       N/A         6
 Simulacrum               Ice/Necr       Unusable   N/A       N/A         6
 Haunt                    Necr/Summ      Unusable   N/A       N/A         7
 Malign Gateway           Summ/Tloc      Unusable   N/A       N/A         7
 Spellforged Servitor     Conj/Summ      Unusable   N/A       N/A         7
 Summon Hydra             Summ           Unusable   N/A       N/A         7
 Summon Horrible Things   Summ           Unusable   N/A       N/A         8
 Dragon's Call            Summ           Unusable   N/A       N/A         9

Dungeon Overview and Level Annotations

Branches:
Dungeon (15/15)              Lair (5/5) D:9           Swamp (4/4) Lair:2
 Spider (4/4) Lair:2        Slime (0/5) Lair:5          Orc (2/2) D:11
    Elf (3/3) Orc:2        Vaults (5/5) D:14          Crypt (0/3) Vaults:2
 Depths (4/4) D:15            Zot (5/5) Depths:4    Ossuary (visited)
 Bailey (visited)           IceCv (visited)         Gauntlet (visited)
 Temple: D:4-7

Altars:
Ashenzari
Gozag
Makhleb
Nemelex Xobeh
Okawaru
Qazlal
Ru
Uskayaw
Wu Jian
Xom
Zin

Shops:
D:10 *   Orc:1 !   Orc:2 [!:=   Elf:1 (   Elf:2 (   Vaults:1 *   Vaults:2 [*
Depths:1 =:=

Portals:
Hell: Depths:1 Depths:2 Depths:3 Depths:4
Abyss: Depths:3
Pandemonium: Depths:1 Depths:2
Ziggurat: Depths:2

Annotations:
D:2 1 runed translucent door, Crazy Yiuf
D:6 exclusion: downstairs
D:8 exclusions: downstairs and upstairs
D:9 3 runed translucent doors, NigelTetley's ghost, novice DgHu
D:10 exclusion: downstairs
D:13 3 runed translucent doors, Uhanucoa's ghost, journeyman DrSh
Depths:3 4 transporters, exclusions: 2 hell hogs, hellion and 1 more exclusion
Zot:2 6 transporters


Innate Abilities, Weirdness & Mutations

You have a pair of horns on your head.
Your magical capacity is low. (-10% MP)
You cannot be stealthy.
You are hated by all.
You cannot train Dodging skill.
You cannot study or cast Hexes magic.
You cannot study or cast Poison magic.
You cannot study or cast Translocations magic.
You are somewhat unskilled. (-1 Apt)
You reflexively headbutt those who attack you in melee.
You possess an exceptional clarity of mind.
You are very dopey. (Int -4)
You are covered in fur. (AC +1)
You are resistant to electric shocks. (rElec)
Your muscles are strong. (Str +4, Int/Dex -1)
You passively dampen the noise of your surroundings.


Message History

You kill the Orb Guardian!
What level of the Dungeon? (default 1, ? - help)
There is an open door here.
There is a stone staircase leading up here.
You climb upwards.
There is a stone staircase leading down here.
HP restored.
There is a stone staircase leading up here.
You climb upwards.
Level annotation: exclusion: downstairs
There is a stone staircase leading down here.
There is a stone staircase leading up here.
You climb upwards.
There is a stone staircase leading down here.
There is a stone staircase leading up here.
You climb upwards.
There is a stone staircase leading down here.
There is a stone staircase leading down here.
There is a stone staircase leading up here.
You climb upwards.
There is a stone staircase leading down here.
You see here a +0 ring mail.
A hell hound comes into view.
Things that are here:
a +0 robe; a +0 dagger A hell hound comes into view.
The hell hound barks!
The hell hound breathes flames at you.
The blast of flame hits you but does no damage.
The hell hound begins to attack, but is stunned by your conviction!
There is a stone staircase leading up, spattered with blood here.
You climb upwards.
Level annotation: 1 runed translucent door, Crazy Yiuf
There is a stone staircase leading down here.
What level of the Dungeon? (default 1, ? - help)
There is a stone staircase leading up here.
You climb upwards.
There is a stone staircase leading down here.
There is a staircase leading out of the dungeon here.
You have escaped!

..#########.##...............#
............##.###.#.....^.#.#
.#############.....###....##.####
.# ###.#.#.###....##..... .#
#.........##.#.####### .#
####.#.#.#.#.####.####### .#
#......#)#......#.......# .#
##.#.###.###.#.########.# .#
#......@......# #......# .###
####.#.###.###.#.###.###### ...#
#........#.#......##.#
.#.####.####.#.#.#.#.#####.#
...)....# #.........# #.#
#.####.## ###.#.#.### ###.#
#.####.#######.....#.###.#.#
.............#.###.#.##.#..######
.#####..####...........###.......


There were no monsters in sight!

Vanquished Creatures
  2 dread liches (Zot:5)
  4 ancient liches
  6 orbs of fire
  The ghost of WhatIsLove the Conqueror, a veteran HOMo of Beogh (Zot:2)
  Josephina (Zot:4)
  Vv (Zot:1)
  Parghit (Zot:1)
  3 Killer Klowns
  2 curse toes
  8 golden dragons
  Norris (Depths:1)
  4 electric golems
  2 Brimstone Fiends
  26 Orb Guardians
  23 tentacled monstrosities
  4 liches
  Asterion (Elf:3)
  8 quicksilver dragons
  A titan (Vaults:5)
  4 deep elf blademasters
  A deep elf master archer (Elf:3)
  5 sphinxes
  9 storm dragons
  An ancient champion (Vaults:2)
  14 death cobs
  Roxanne (Spider:4)
  2 thorn hunters
  7 tengu reavers
  10 shadow dragons
  17 draconian monks
  A fenstrider witch (Swamp:4)
  9 draconian knights
  6 ghost moths
  6 fire giants
  8 emperor scorpions
  13 frost giants
  10 deep elf sorcerers
  Louise (Swamp:4)
  3 iron dragons
  17 vault wardens
  6 draconian scorchers
  3 draconian shifters
  6 deep elf elementalists (Elf:3)
  7 draconian stormcallers
  A spriggan defender (Depths:3)
  2 orc warlords
  9 very ugly things
  17 ironbound preservers
  13 stone giants
  A quicksilver ooze (shapeshifter) (Depths:1)
  3 war gargoyles
  2 broodmothers
  5 draconian annihilators
  5 formless jellyfish
  4 ironbound thunderhulks
  3 vampire knights
  6 deep elf demonologists
  6 green draconians
  16 deep elf annihilators
  4 eleionomae
  5 red draconians
  7 dire elephants
  10 black draconians
  11 yellow draconians
  A minotaur (Gauntlet)
  5 spark wasps
  15 white draconians
  8 purple draconians
  A bunyip (Swamp:4)
  7 deep elf death magi
  2 crystal guardians (Vaults:2)
  16 fire dragons
  2 shambling mangroves (Swamp:4)
  A jiangshi (Vaults:2)
  16 ettins
  17 yaktaur captains
  10 deep elf high priests
  8 great orbs of eyes
  2 peacekeepers
  A rakshasa (Depths:2)
  12 entropy weavers
  26 hydras
  32 vault guards
  4 spriggan air magi
  A hell beast (Depths:2)
  10 ironbound frosthearts
  5 centaur warriors
  8 ice dragons
  3 ghost crabs
  4 radroaches
  A jorogumo (Spider:3)
  8 ogre magi
  A death knight (D:15)
  24 dancing weapons
  21 two-headed ogres
  10 deep troll earth magi
  9 alligators
  4 tengu warriors
  7 deep troll shamans
  7 demonic crawlers
  10 boulder beetles
  15 death yaks
  2 vampire magi
  5 spriggan berserkers
  Sonja (Lair:1)
  Nergalle (D:12)
  4 sun demons
  5 skysharks
  23 deep elf knights
  5 soul eaters
  5 salamander mystics
  8 iron trolls
  A shadow wraith (Vaults:3)
  3 pharaoh ants
  8 goliath frogs
  2 sun moths (Spider:2)
  11 orb spiders
  59 deep trolls
  4 spriggan druids
  2 large abominations (Gauntlet)
  13 swamp dragons
  19 ironbound convokers
  5 phantasmal warriors
  A bog body (Swamp:2)
  20 wizards
  5 glowing orange brains
  6 lindwurms
  5 necromancers
  11 deep elf archers
  4 harpies (Elf:2)
  A human zombie (Vaults:3)
  3 steelbarb worms
  11 orc knights
  29 ugly things
  A wolf spider (shapeshifter) (Vaults:5)
  25 wolf spiders
  A stone giant zombie (Vaults:3)
  A sphinx simulacrum (Vaults:1)
  29 deep elf zephyrmancers
  30 deep elf pyromancers
  A salamander (shapeshifter) (Vaults:5)
  4 orc sorcerers (Depths:3)
  A will-o-the-wisp (Swamp:2)
  7 manticores
  6 elephants (Lair:5)
  Joseph (D:7)
  6 cyclopes
  11 salamanders
  A stone giant skeleton (Vaults:3)
  27 moths of wrath
  An ice statue (IceCv)
  3 black mambas
  3 molten gargoyles (Lair:5)
  13 vault sentinels
  A smoke demon (Depths:3)
  8 centaur zombies (D:11)
  2 gargoyles
  A guardian serpent (shapeshifter) (Elf:3)
  19 cane toads
  Maggie (D:6)
  Psyche (D:8)
  A kobold demonologist (D:12)
  4 rime drakes
  A komodo dragon (shapeshifter) (Depths:4)
  A torpor snail (Spider:4)
  16 komodo dragons
  36 yaktaurs
  2 freezing wraiths
  4 tengu conjurers
  A golden dragon simulacrum (Zot:4)
  3 meliai (D:13)
  16 polar bears
  21 tarantellas
  2 trolls (Orc:1)
  14 tyrant leeches
  2 wind drakes (shapeshifter) (D:14)
  Grinder (D:5)
  12 hornets
  A wolf spider simulacrum (D:15)
  13 dream sheep (Lair:5)
  14 blink frogs
  2 blink frogs (shapeshifter)
  21 slime creatures
  2 draconian simulacra (Zot:4)
  29 jumping spiders
  3 shadows
  24 culicivoras
  A culicivora (shapeshifter) (D:14)
  13 spriggans
  2 vampires (D:11)
  9 wyverns
  6 water elementals
  3 air elementals
  2 fire elementals
  4 wraiths
  5 fire bats
  63 yaks
  5 steam dragons
  7 basilisks
  A ynoxinul (Depths:2)
  A redback (shapeshifter) (Depths:2)
  A yellow draconian simulacrum (Zot:4)
  A red draconian simulacrum (Zot:4)
  56 redbacks
  4 wargs
  21 vampire mosquitoes
  2 neqoxecs
  11 swamp worms
  An acid dragon (shapeshifter) (Elf:2)
  A floating eye (shapeshifter) (Vaults:5)
  19 water moccasins
  13 hell hounds
  7 swamp drakes (Swamp:4)
  6 black bears
  23 orc warriors
  An ice beast (D:4)
  35 ogres
  A black bear (shapeshifter) (Elf:1)
  10 boggarts (Vaults:3)
  32 wolves
  10 centaurs
  A phantom (D:6)
  Blork the orc (D:4)
  6 kobold brigands
  11 bullfrogs
  A cane toad simulacrum (Lair:2)
  A gnoll sergeant (D:10)
  A scorpion (D:5)
  4 earth elementals
  6 small abominations (Gauntlet)
  12 wights
  6 killer bees (D:9)
  2 electric eels
  4 howler monkeys
  7 lava snakes
  A gnoll bouda (D:4)
  21 orc priests
  6 hounds
  2 sleepcaps
  4 iguanas
  Natasha (thrice) (D:2)
  25 orc wizards
  A hell rat (Elf:2)
  A wolf simulacrum (Lair:2)
  3 mummies (Ossuary)
  18 gnolls
  15 adders
  7 white imps
  An ufetubus (D:6)
  3 dart slugs
  55 orcs
  4 ball pythons
  5 endoplasms
  A giant cockroach (D:4)
  7 goblins
  12 hobgoblins
  7 jackals (D:1)
  5 quokkas
  5 bats
  7 frilled lizards
  2 goblin zombies (Ossuary)
  4 hobgoblin zombies (Ossuary)
  35 kobolds
  3 kobold zombies (Ossuary)
  10 rats
  A spectral weapon (Elf:3)
2177 creatures vanquished.

Vanquished Creatures (collateral kills)
  Gastronok (Lair:1)
  Harold (Lair:1)
  A komodo dragon (Lair:2)
  A polar bear (Lair:2)
  A yak (Lair:2)
  A bullfrog (Lair:1)
  2 orcs (D:4)
8 creatures vanquished.

Vanquished Creatures (others)
  A golden dragon (Zot:3)
  A tentacled monstrosity (Zot:5)
  An Orb Guardian (Zot:5)
  A titan (Vaults:5)
  A storm dragon (Zot:5)
  A draconian monk (Zot:3)
  A draconian knight (Zot:1)
  A deep elf sorcerer (Elf:3)
  A vault warden (Vaults:3)
  A formless jellyfish (Vaults:1)
  A deep elf elementalist (Elf:3)
  A draconian shifter (Zot:5)
  A purple draconian (Zot:1)
  A bunyip (Swamp:2)
  A yellow draconian (Depths:4)
  A spark wasp (Depths:4)
  A red draconian (Zot:1)
  2 ettins
  A vault guard (Vaults:5)
  3 hydras
  An alligator (Swamp:4)
  A dancing weapon (Elf:1)
  A radroach (Spider:1)
  A spriggan berserker (Depths:3)
  A deep elf knight (Elf:2)
  A soul eater (Depths:3)
  4 deep trolls
  2 swamp dragons (Swamp:4)
  A deep elf archer (Elf:2)
  2 wizards
  2 wolf spiders (Spider:3)
  3 deep elf zephyrmancers
  2 salamanders
  2 cane toads
  A gargoyle (D:12)
  A komodo dragon (Lair:5)
  A yaktaur (Vaults:1)
  A freezing wraith (D:12)
  3 bloated husks
  2 tyrant leeches (Spider:1)
  A blink frog (Lair:5)
  A spriggan (Depths:3)
  A culicivora (Spider:1)
  3 redbacks
  A death yak simulacrum (Lair:2)
  A swamp worm (Swamp:4)
  2 orc warriors
  An ogre (Vaults:5)
  A centaur (D:14)
  A hound (D:6)
  A polar bear simulacrum (Lair:2)
  An orc (Vaults:5)
  A foxfire (Swamp:2)
72 creatures vanquished.

Grand Total: 2257 creatures vanquished

Notes
Turn   | Place    | Note
-------+----------+-------------------------------------------
     0 | D:1      | motkurizz the Minotaur Gladiator began the quest for the
                  | Orb.
     0 | D:1      | Reached XP level 1. HP: 18/18 MP: 0/0
   219 | D:1      | Reached XP level 2. HP: 25/25 MP: 1/1
   232 | D:1      | Reached skill level 1 in Armour
   562 | D:1      | Reached XP level 3. HP: 30/30 MP: 2/2
   583 | D:1      | Reached skill level 1 in Shields
   914 | D:2      | Noticed Natasha
   925 | D:2      | Killed Natasha
   949 | D:2      | Noticed Natasha
   954 | D:2      | Killed Natasha
   955 | D:2      | Reached XP level 4. HP: 37/38 MP: 3/3
  1173 | D:2      | Noticed Natasha
  1177 | D:2      | Killed Natasha
  1218 | D:2      | Found a runed translucent door.
  1219 | D:2      | Noticed Crazy Yiuf
  1460 | D:3      | Reached skill level 5 in Axes
  1460 | D:3      | Reached XP level 5. HP: 23/46 MP: 4/4
  1680 | D:3      | Found a sparkling altar of Nemelex Xobeh.
  2379 | D:4      | Reached skill level 1 in Maces & Flails
  2457 | D:4      | Reached XP level 6. HP: 53/53 MP: 5/5
  2835 | D:4      | Noticed an ice beast
  2886 | D:4      | Killed an ice beast
  3313 | D:4      | Noticed Blork the orc
  3325 | D:4      | Killed Blork the orc
  3326 | D:4      | Reached skill level 5 in Fighting
  3327 | D:4      | Reached XP level 7. HP: 59/61 MP: 6/6
  3790 | D:5      | Entered Level 5 of the Dungeon
  3818 | D:5      | Noticed Grinder
  3887 | D:5      | Reached skill level 5 in Maces & Flails
  4468 | D:5      | Paralysed by Grinder for 3 turns
  4473 | D:5      | Killed Grinder
  4474 | D:5      | Reached XP level 8. HP: 64/71 MP: 7/7
  4683 | D:6      | Noticed Maggie
  4711 | D:6      | Killed Maggie
  5387 | D:6      | Reached skill level 5 in Armour
  5397 | D:6      | Reached XP level 9. HP: 81/81 MP: 8/8
  5473 | D:6      | Found the +8 trident of the Octopus King {venom, rElec
                  | rPois}
  5595 | D:6      | Reached skill level 1 in Polearms
  6470 | D:7      | Noticed Joseph
  6484 | D:7      | Killed Joseph
  6485 | D:7      | Reached skill level 5 in Polearms
  6505 | D:7      | Found a flagged portal.
  6613 | Bailey   | Entered a bailey
  6633 | Bailey   | Noticed an orc knight
  6955 | Bailey   | Killed an orc knight
  6956 | Bailey   | Reached XP level 10. HP: 55/91 MP: 9/9
  7829 | D:8      | Noticed a two-headed ogre
  7835 | D:8      | Killed a two-headed ogre
  7836 | D:8      | Reached skill level 10 in Fighting
  7852 | D:8      | Found a sand-covered staircase.
  7882 | Ossuary  | Entered an ossuary
  8714 | D:8      | Found a burning altar of Makhleb.
  8715 | D:8      | Noticed Psyche
  8720 | D:8      | Killed Psyche
  8925 | D:8      | Found a faded altar of an unknown god.
  8925 | D:8      | Found an iron altar of Okawaru.
  8933 | D:8      | Found a faded altar of an unknown god.
  8935 | D:8      | Found a sacrificial altar of Ru.
  8937 | D:8      | Found a broken altar of Ashenzari.
  8941 | D:8      | Became a worshipper of Ru the Awakened
  9057 | D:9      | Noticed a manticore
  9065 | D:8      | Reached skill level 10 in Armour
  9797 | D:9      | Identified the +2 leather armour of Pantheism {Regen+ Str+3
                  | Dex+3}
  9812 | D:9      | Found a runed translucent gate.
  9816 | D:9      | Found a runed translucent gate.
  9816 | D:9      | Found a runed translucent gate.
  9817 | D:9      | Found an opulent altar of Gozag.
  9818 | D:9      | Noticed a deep elf knight
  9818 | D:9      | Noticed a brown ugly thing
  9818 | D:9      | Noticed NigelTetley's ghost (novice DgHu)
  9819 | D:9      | Noticed a cyclops
  9846 | D:9      | Killed a manticore
 10022 | D:9      | Reached XP level 11. HP: 90/102 MP: 10/10
 10542 | D:9      | Gained mutation: You cannot study or cast Poison magic. [Ru
                  | sacrifice]
 10542 | D:9      | Gained mutation: You cannot study or cast Hexes magic. [Ru
                  | sacrifice]
 10542 | D:9      | Gained mutation: You cannot study or cast Translocations
                  | magic. [Ru sacrifice]
 10542 | D:9      | Reached * piety under Ru
 10633 | D:9      | Found a staircase to the Lair.
 10974 | D:10     | Entered Level 10 of the Dungeon
 11230 | D:10     | Found Adufiobi's Assorted Antiques.
 11262 | D:10     | Bought a fluorescent wand for 84 gold pieces
 11262 | D:10     | Bought a tubular tourmaline ring for 105 gold pieces
 11262 | D:10     | Bought a brass wand for 84 gold pieces
 11262 | D:10     | Bought a scroll of identify for 42 gold pieces
 11262 | D:10     | Bought a scroll of identify for 42 gold pieces
 11710 | D:11     | Noticed an ogre mage
 11710 | D:11     | Noticed a two-headed ogre
 11710 | D:11     | Noticed a two-headed ogre
 11710 | D:11     | Noticed a two-headed ogre
 11711 | D:11     | Paralysed by an ogre mage for 5 turns
 11712 | D:11     | Noticed a two-headed ogre
 11715 | D:11     | Noticed a two-headed ogre
 11722 | D:10     | Killed a two-headed ogre
 11999 | Lair:1   | Entered Level 1 of the Lair of Beasts
 11999 | Lair:1   | Noticed Sonja
 11999 | Lair:1   | Noticed Harold
 12010 | Lair:1   | Killed Harold
 12029 | Lair:1   | Killed Sonja
 12139 | Lair:1   | Identified the +2 hat of the Tanner {Will+}
 12439 | Lair:1   | Identified the +1 longbow of Dim Light {drain, Dex+2}
 12580 | Lair:1   | Reached XP level 12. HP: 101/115 MP: 11/11
 12783 | Lair:1   | Noticed Gastronok
 12805 | Lair:1   | Killed Gastronok
 13488 | Lair:1   | Reached skill level 10 in Axes
 13554 | Lair:2   | Noticed a boulder beetle
 13562 | Lair:1   | Killed a boulder beetle
 13606 | Lair:2   | Noticed an eleionoma
 13626 | Lair:2   | Killed an eleionoma
 13627 | Lair:2   | Gained mutation: Your magical capacity is low. (-10% MP)
                  | [Ru sacrifice]
 13771 | Lair:2   | Found a frozen archway.
 13937 | IceCv    | Entered an ice cave
 13989 | IceCv    | Noticed a death yak
 13989 | IceCv    | Noticed a death yak
 14002 | IceCv    | Killed a death yak
 14007 | IceCv    | Killed a death yak
 14111 | IceCv    | Reached skill level 15 in Fighting
 14143 | IceCv    | Reached XP level 13. HP: 81/126 MP: 10/10
 15048 | IceCv    | Noticed a frost giant
 15054 | IceCv    | Killed a frost giant
 15055 | IceCv    | Reached skill level 5 in Shields
 15158 | IceCv    | Found the +6 lightning scales {swift, rElec}
 15634 | Lair:2   | Found a hole to the Spider Nest.
 15659 | Lair:2   | Found a glowing silver altar of Zin.
 15881 | Lair:2   | Found a staircase to the Swamp.
 16964 | Lair:3   | Found an ornate altar of the Wu Jian Council.
 16964 | Lair:3   | Found a hide-covered altar of Uskayaw.
 17137 | Lair:3   | Reached skill level 10 in Shields
 18267 | Lair:4   | Reached skill level 1 in Evocations
 18316 | Lair:4   | Identified the +0 robe of Uguuj {-Tele rElec rN++ MP-9
                  | Stlth+}
 18770 | Lair:5   | Entered Level 5 of the Lair of Beasts
 18919 | Lair:5   | Reached skill level 15 in Armour
 18961 | Lair:5   | Found a staircase to the Slime Pits.
 18961 | Lair:5   | Found a viscous altar of Jiyva.
 19025 | Lair:5   | Reached XP level 14. HP: 133/136 MP: 11/11
 19337 | Lair:5   | Reached skill level 5 in Dodging
 20180 | Lair:5   | Found a large runed translucent door.
 20181 | Lair:5   | Found a large runed translucent door.
 21901 | D:11     | Gained mutation: You cannot train Dodging skill. [Ru
                  | sacrifice]
 21901 | D:11     | Reached ** piety under Ru
 21901 | D:11     | Reached *** piety under Ru
 22105 | D:11     | Found a staircase to the Orcish Mines.
 22664 | D:11     | Reached XP level 15. HP: 121/147 MP: 12/12
 22912 | D:12     | Found a gate leading to a gauntlet.
 22993 | Gauntlet | Entered a Gauntlet
 22993 | Gauntlet | Found a transporter.
 23140 | Gauntlet | Found a transporter.
 23142 | Gauntlet | Found a transporter.
 23153 | Gauntlet | Found a transporter.
 23156 | Gauntlet | Found a transporter.
 23167 | Gauntlet | Found a transporter.
 23167 | Gauntlet | Found the necklace of Bloodlust {Fury *Rage Will++ Int-3
                  | Slay+6}
 23183 | Gauntlet | Found a transporter.
 23191 | Gauntlet | Found a runed translucent door.
 23195 | Gauntlet | Found a transporter.
 23204 | Gauntlet | Found a transporter.
 23223 | Gauntlet | Found a transporter.
 23228 | Gauntlet | Found a runed translucent gate.
 23229 | Gauntlet | Found a transporter.
 23229 | Gauntlet | Found a runed translucent gate.
 23232 | Gauntlet | Found a runed translucent gate.
 23234 | Gauntlet | Found a transporter.
 23310 | Gauntlet | Found a transporter.
 23613 | Gauntlet | Identified the orb of the End {light, rElec rPois Stlth+}
 23810 | D:12     | Noticed Nergalle
 23815 | D:12     | Killed Nergalle
 23816 | D:12     | Reached skill level 10 in Polearms
 24178 | D:12     | Gained mutation: You cannot be stealthy. [Ru sacrifice]
 24488 | Orc:1    | Entered Level 1 of the Orcish Mines
 24541 | Orc:1    | Found Fuar Wiu's Distillery.
 24597 | Orc:1    | Bought a potion of haste for 130 gold pieces
 24597 | Orc:1    | Bought a potion of degeneration for 13 gold pieces
 24597 | Orc:1    | Bought a potion of mutation for 104 gold pieces
 24690 | Orc:2    | Entered Level 2 of the Orcish Mines
 24692 | Orc:2    | Found a staircase to the Elven Halls.
 24933 | Orc:2    | Reached skill level 1 in Unarmed Combat
 25403 | Orc:2    | Reached skill level 5 in Evocations
 25512 | Orc:2    | Found Laaczetume's Book Shoppe.
 25512 | Orc:2    | Found Xuinul's Armour Shop.
 25513 | Orc:2    | Found Geidgh's Jewellery Boutique.
 25513 | Orc:2    | Found Yciosm's Distillery.
 25523 | Orc:2    | Bought +0 gold dragon scales for 1200 gold pieces
 25769 | Orc:2    | Gained mutation: You are hated by all. [Ru sacrifice]
 25769 | Orc:2    | Reached **** piety under Ru
 25769 | Orc:2    | Reached ***** piety under Ru
 26467 | D:13     | Found a runed translucent gate.
 26467 | D:13     | Found a runed translucent gate.
 26467 | D:13     | Found a runed translucent gate.
 26467 | D:13     | Noticed an acid blob
 26467 | D:13     | Noticed an acid blob
 26467 | D:13     | Noticed an acid blob
 26467 | D:13     | Noticed an acid blob
 26467 | D:13     | Noticed an azure jelly
 26467 | D:13     | Noticed an azure jelly
 26467 | D:13     | Noticed an azure jelly
 26468 | D:13     | Noticed an azure jelly
 26468 | D:13     | Noticed Uhanucoa's ghost (journeyman DrSh)
 26468 | D:13     | Noticed an azure jelly
 26469 | D:13     | Noticed a rockslime
 27159 | D:13     | Identified the +0 flail of Zin, Imbibing {antimagic, Dex+3}
 27626 | D:14     | Reached XP level 16. HP: 91/157 MP: 13/13
 27788 | D:14     | Found a gate to the Vaults.
 27856 | D:14     | Found a shimmering altar of Xom.
 28091 | D:15     | Entered Level 15 of the Dungeon
 28559 | D:15     | Found a staircase to the Depths.
 28923 | Elf:1    | Entered Level 1 of the Elven Halls
 29143 | Elf:1    | Found Dutit's Antique Weapon Shop.
 29208 | Elf:1    | Reached skill level 15 in Axes
 31148 | Elf:2    | Noticed a sphinx
 31157 | Elf:2    | Noticed a sphinx
 31158 | Elf:2    | Killed a sphinx
 31170 | Elf:2    | Killed a sphinx
 31171 | Elf:2    | Reached XP level 17. HP: 138/168 MP: 14/14
 31192 | Elf:2    | Noticed a sphinx
 31202 | Elf:2    | Killed a sphinx
 31238 | Elf:2    | Noticed a sphinx
 31249 | Elf:2    | Killed a sphinx
 31558 | Elf:2    | Found Mequase's Weapon Shoppe.
 31853 | Elf:2    | Found a runed translucent gate.
 31853 | Elf:2    | Found a runed translucent gate.
 31853 | Elf:2    | Found a runed translucent gate.
 32363 | Elf:2    | Noticed a deep elf blademaster
 32381 | Elf:2    | Killed a deep elf blademaster
 33020 | Elf:3    | Entered Level 3 of the Elven Halls
 33452 | Spider:1 | Entered Level 1 of the Spider Nest
 33704 | Spider:1 | Identified a scroll of acquirement
 33712 | Spider:1 | Acquired the +1 cloak of Starlight {*Dazzle EV+4 Stlth--}
 33712 | Spider:1 | Found the +1 cloak of Starlight {*Dazzle EV+4 Stlth--}
 35710 | Spider:2 | Reached XP level 18. HP: 182/182 MP: 15/15
 35720 | Spider:2 | Gained mutation: You are clumsy. (Dex -2) [mutagenic glow]
 35732 | Spider:2 | Gained mutation: You have hidden genetic defects.
                  | [mutagenic glow]
 35743 | Spider:2 | Gained mutation: Your spells are a little easier to cast,
                  | but a little less powerful. [mutagenic glow]
 35834 | Spider:2 | Lost mutation: Your spells are a little easier to cast, but
                  | a little less powerful. [potion of mutation]
 35834 | Spider:2 | Lost mutation: You are clumsy. (Dex -2) [potion of
                  | mutation]
 35834 | Spider:2 | Gained mutation: Your spells are a little easier to cast,
                  | but a little less powerful. [potion of mutation]
 35834 | Spider:2 | Gained mutation: You are agile. (Dex +4, Str/Int -1)
                  | [potion of mutation]
 35835 | Spider:2 | Lost mutation: You have hidden genetic defects. [potion of
                  | mutation]
 35835 | Spider:2 | Lost mutation: Your spells are a little easier to cast, but
                  | a little less powerful. [potion of mutation]
 35835 | Spider:2 | Lost mutation: You are agile. (Dex +4, Str/Int -1) [potion
                  | of mutation]
 35835 | Spider:2 | Gained mutation: You are resistant to electric shocks.
                  | (rElec) [potion of mutation]
 35835 | Spider:2 | Gained mutation: You have a somewhat thin skeletal
                  | structure. (Dex +2, Stealth+) [potion of mutation]
 35835 | Spider:2 | Gained mutation: You are covered in fur. (AC +1) [potion of
                  | mutation]
 35835 | Spider:2 | Gained mutation: You have sharp toenails. [potion of
                  | mutation]
 38010 | Spider:4 | Entered Level 4 of the Spider Nest
 38761 | Spider:4 | Reached skill level 10 in Evocations
 39115 | Spider:4 | Got a gossamer rune of Zot
 39251 | Spider:4 | Noticed Roxanne
 39282 | Spider:4 | Killed Roxanne
 39535 | Swamp:1  | Entered Level 1 of the Swamp
 40378 | Swamp:2  | Reached XP level 19. HP: 193/193 MP: 16/16
 41768 | Swamp:4  | Entered Level 4 of the Swamp
 42053 | Swamp:4  | Noticed Louise
 42090 | Swamp:4  | Killed Louise
 42780 | Swamp:4  | Got a decaying rune of Zot
 43166 | Vaults:1 | Entered Level 1 of the Vaults
 44059 | Vaults:1 | Found Saibuy's Assorted Antiques.
 44783 | Vaults:2 | Reached XP level 20. HP: 170/207 MP: 17/17
 44947 | Vaults:2 | Found Viaxter's Armour Boutique.
 45529 | Vaults:2 | Found Jugavaf's General Store.
 45539 | Vaults:2 | Bought a scroll of fog for 80 gold pieces
 46055 | Vaults:2 | Found a staircase to the Crypt.
 46171 | Vaults:2 | Got the Teachings on Glowing Erosion
 47563 | Vaults:3 | Identified the amulet of Astitil {Reflect Dex+2 SH+5}
 47953 | Vaults:3 | You fall into a shaft and drop 1 floor!
 48985 | Vaults:4 | Reached XP level 21. HP: 201/220 MP: 17/17
 49002 | Vaults:4 | Identified the +6 plate armour of the Stars {Str+6}
 49718 | Depths:1 | Entered Level 1 of the Depths
 49932 | Depths:1 | Found a gateway to Hell.
 50115 | Depths:1 | Noticed Norris
 50175 | Depths:1 | Killed Norris
 50444 | Depths:1 | Identified the +7 sling of Gozag {flame, Str+3 Dex+2}
 50540 | Depths:1 | Found the +2 pair of slick slippers {slick, slippery, EV+4}
 50551 | Depths:1 | Identified the +1 leather armour of Zairhout {+Inv rElec
                  | Str-3 Int-2}
 50614 | Depths:1 | You fall into a shaft and drop 1 floor!
 50763 | Depths:1 | Acquired 1125 gold pieces
 50847 | Depths:1 | Found a one-way gate leading to the halls of Pandemonium.
 50925 | Depths:1 | Found Huqir's Jewellery Shoppe.
 50927 | Depths:1 | Found Eruroshro's Book Shop.
 50928 | Depths:1 | Found Etasorph's Jewellery Shoppe.
 50934 | Depths:1 | Bought the ring of Canoim {+Blink rF+ Slay+3 SInv} for 948
                  | gold pieces
 51447 | Depths:2 | Found a one-way gateway to a ziggurat.
 51631 | Depths:2 | Gained mutation: You are dopey. (Int -2) [a neqoxec]
 51638 | Depths:2 | Gained mutation: You occasionally shout uncontrollably at
                  | your foes. [a neqoxec]
 52108 | Depths:3 | Found a transporter.
 52112 | Depths:3 | Found a transporter.
 52130 | Depths:3 | Found a transporter.
 52166 | Depths:3 | Found a transporter.
 52217 | Depths:3 | Reached skill level 15 in Shields
 52283 | Depths:3 | Found a one-way gate to the infinite horrors of the Abyss.
 52508 | Depths:3 | Reached XP level 22. HP: 142/228 MP: 18/18
 52973 | Depths:3 | Identified the +5 leather armour of the Boiling Point
                  | {Dex+2}
 53314 | Depths:4 | Entered Level 4 of the Depths
 53830 | Depths:4 | Found a gate to the Realm of Zot.
 53830 | Depths:4 | Noticed a golden dragon
 53844 | Depths:4 | Killed a golden dragon
 54852 | Elf:3    | Noticed Asterion
 54860 | Elf:3    | Killed Asterion
 55550 | Elf:3    | Identified the ring "Cexkofro" {rC++ Int+6 Dex+3 Stlth-}
 55560 | Elf:3    | Identified the amulet of Doubts {Regen+ Dex+2}
 55638 | Elf:3    | Reached XP level 23. HP: 189/236 MP: 19/19
 55754 | Elf:3    | Identified the +0 chain mail of Distant Worlds {Regen+
                  | Str-5 Dex+5}
 55766 | Elf:3    | Identified the ring "Vosywuc" {rPois Int+2}
 55801 | Elf:3    | Identified the +5 quarterstaff "Giantslayer" {freeze, rF+}
 56238 | Vaults:5 | Entered Level 5 of the Vaults
 56398 | Vaults:5 | Noticed an ancient lich
 56413 | Vaults:5 | Killed an ancient lich
 56746 | Vaults:5 | Noticed an ancient lich
 56761 | Vaults:5 | Identified the ring of the Cockatrice {AC+4 Str-3 Dex+6
                  | Slay-6 SInv}
 56767 | Vaults:5 | Killed an ancient lich
 56965 | Vaults:5 | Identified the +10 battleaxe of Davis {drain, rElec Str+4
                  | Stlth-}
 57161 | Vaults:5 | Identified the staff "Bugo" {Fly rN+ Will- rCorr SInv
                  | Necro}
 57212 | Vaults:5 | Got Ypniff's Encyclopedia of Weathered Attacks
 57292 | Vaults:5 | Got a silver rune of Zot
 57293 | Vaults:5 | Identified the +0 pair of boots of the Lobster {Rampage
                  | rElec Str+5 Int-3}
 57613 | Vaults:5 | Identified the staff "Zolaaz" {rElec Str+3 Air}
 58081 | Zot:1    | Entered Level 1 of the Realm of Zot
 58086 | Zot:1    | Noticed Vv
 58103 | Zot:1    | Killed Vv
 58286 | Zot:1    | Noticed Parghit
 58376 | Zot:1    | Reached XP level 24. HP: 236/245 MP: 19/19
 58432 | Zot:1    | Gained mutation: You are somewhat unskilled. (-1 Apt) [Ru
                  | sacrifice]
 58432 | Zot:1    | Reduced skill Throwing to level 1
 58432 | Zot:1    | Reached ****** piety under Ru
 58662 | Zot:1    | Killed Parghit
 58788 | Zot:1    | Found a stormy altar of Qazlal.
 58851 | Zot:1    | Got the Volume of Fire and Brimstone
 59152 | Zot:2    | Found a transporter.
 59154 | Zot:2    | Found a transporter.
 59188 | Zot:2    | Noticed WhatIsLove's ghost (veteran HOMo)
 59331 | Zot:2    | Found a transporter.
 59344 | Zot:2    | Found a transporter.
 59538 | Zot:2    | Found a transporter.
 59543 | Zot:2    | Found a transporter.
 59692 | Zot:2    | Found a transporter.
 59698 | Zot:2    | Found a transporter.
 59752 | Zot:2    | Noticed an orb of fire
 59758 | Zot:2    | Gained mutation: You possess an exceptional clarity of
                  | mind. [an orb of fire]
 59759 | Zot:2    | Killed an orb of fire
 60135 | Zot:2    | Killed WhatIsLove's ghost
 60151 | Zot:2    | Identified the +9 rapier of Koshrast {freeze, Drain rPois
                  | rC+}
 60242 | Zot:2    | Identified the +2 spear of Siratev {pain, rF+}
 60814 | Zot:3    | Noticed a Killer Klown
 60826 | Zot:3    | Killed a Killer Klown
 61279 | Zot:3    | Identified the +1 robe of Inference {Contam rN+ Will+
                  | Dex+3}
 61457 | Zot:4    | Identified the ring "Xeugu" {Ice rN+}
 61457 | Zot:4    | Noticed Josephina
 61481 | Zot:4    | Killed Josephina
 61537 | Zot:4    | Reached XP level 25. HP: 217/250 MP: 19/19
 62091 | Zot:5    | Entered Level 5 of the Realm of Zot
 62194 | Zot:5    | Identified the +6 chain mail of the Bulwark {Will+}
 62594 | Zot:5    | Noticed a dread lich
 62596 | Zot:5    | Noticed an ancient lich
 62611 | Zot:5    | Killed a dread lich
 62612 | Zot:5    | Killed an ancient lich
 62634 | Zot:5    | Noticed an orb of fire
 62634 | Zot:5    | Noticed an orb of fire
 62637 | Zot:5    | Noticed an orb of fire
 62639 | Zot:5    | Noticed a dread lich
 62643 | Zot:5    | Killed an orb of fire
 62645 | Zot:5    | Gained mutation: You are very dopey. (Int -4) [an orb of
                  | fire]
 62647 | Zot:5    | Gained mutation: You passively dampen the noise of your
                  | surroundings. [an orb of fire]
 62652 | Zot:5    | Killed an orb of fire
 62654 | Zot:5    | Killed an orb of fire
 62656 | Zot:5    | Noticed an orb of fire
 62660 | Zot:5    | Killed a dread lich
 62661 | Zot:5    | Noticed a Killer Klown
 62671 | Zot:5    | Killed an orb of fire
 62682 | Zot:5    | Killed a Killer Klown
 62837 | Zot:5    | Noticed an ancient lich
 62842 | Zot:5    | Noticed an orb of fire
 62848 | Zot:5    | Killed an ancient lich
 62849 | Zot:5    | Noticed a Killer Klown
 62857 | Zot:5    | Noticed a Killer Klown
 62869 | Zot:5    | Killed an orb of fire
 62871 | Zot:5    | a Killer Klown changed into an iron dragon
 62887 | Zot:5    | Killed a Killer Klown
 63219 | Zot:5    | Lost mutation: You occasionally shout uncontrollably at
                  | your foes. [potion of mutation]
 63219 | Zot:5    | Lost mutation: You have a somewhat thin skeletal structure.
                  | (Dex +2, Stealth+) [potion of mutation]
 63219 | Zot:5    | Lost mutation: You have sharp toenails. [potion of
                  | mutation]
 63219 | Zot:5    | Gained mutation: Your muscles are strong. (Str +4, Int/Dex
                  | -1) [potion of mutation]
 63222 | Zot:5    | Got the Orb of Zot
 63589 | D:10     | Reached XP level 26. HP: 136/264 MP: 19/19
 63793 | D:$      | Escaped with the Orb!

Illustrated notes

Levels and vault maps discovered:
D:1:      roderic_chinese_lattice_arrival, layout_loops_ring,
          minmay_small_reverse_x
D:2:      layout_rooms, nicolae_twisty_statue_hallways, uniq_crazy_yiuf_cottage,
          uniq_natasha
D:3:      layout_loops_ring, overflow_temple_1_default, hex_large
D:4:      layout_basic, nrook_campfire, kennysheep_boxes, uniq_blork_the_orc
D:5:      layout_layer_cave, led_sif_book, minmay_temple_entry_enclosed_plants,
          uniq_pikel, uniq_grinder
D:6:      minmay_razor_zed, layout_basic, mrwooster_statue_mirror,
          minmay_strange_pillars, lexackson_kobold_supper, uniq_maggie
D:7:      layout_basic, enter_bailey_8, serial_glass, glass_columns_a,
          glass_columns_a, glass_columns_a, glass_columns_a, glass_columns_c,
          glass_columns_a, glass_columns_a, glass_columns_a, uniq_joseph
D:8:      layout_loops_corners, chequers_temple_overflow_minitemple,
          lightli_temple_of_fire, chequers_ossuary_entry_cave, uniq_psyche
D:9:      layout_basic, grunt_lair_entry_orc_guard_hut, ebering_ghost_gozag
D:10:     layout_basic, serial_shops, shop
D:11:     layout_cave_pools, david_orc_1_choice, serial_undead, serial_undead_d,
          serial_undead_e, serial_undead_e, serial_undead_c, serial_undead_c
D:12:     layout_irregular_city, gauntlet_entry_generic, uniq_nergalle
D:13:     layout_irregular_city, gammafunk_ghost_ooze, hangedman_incinerator
D:14:     layout_roguey, david_vaults_4, xom_redecorated
D:15:     hangedman_depths_entry_civil_slaughter, layout_small_grid,
          minmay_misc_feat_plants
Lair:1:   beast_lair_carwin_large_2, layout_regular_city, lemuel_fruit_tree,
          grunt_megastairs_3, uniq_gastronok, uniq_sonja, uniq_harold
Lair:2:   layout_loops_ring, alex1729_swamp_entry_worm_eleionoma,
          dummy_spider_entry, portal_ice_cave_entry_ice_simulacra, basic_altar,
          grunt_megastairs_5
Lair:3:   minmay_lair_venomous_thicket, layout_layer_cave,
          nzn_masters_of_martial_movement
Lair:4:   layout_cave_pods
Lair:5:   cheibrodos_lair_end_hotspot, layout_gridlike, slime_entry_1,
          nicolae_quartered_pool_super, serial_bayou_ford_a
Swamp:1:  layout_basic_swamp, evilmike_swamp_ruin_rubble_2,
          nicolae_swamp_big_swirl
Swamp:2:  layout_basic_swamp, nicolae_swamp_well_well_well
Swamp:3:  layout_falls_marsh, evilmike_swamp_ruin_house_5
Swamp:4:  swamp_alternative, layout_basic_swamp, uniq_louise
Spider:1: layout_chambers, nicolae_spider_swamp_cousins,
          hangedman_spider_tarantella_strand
Spider:2: layout_spider_delve
Spider:3: layout_cave_pods, nicolae_spider_nook
Spider:4: grunt_spider_rune_circles, uniq_roxanne
Orc:1:    layout_caves, serial_shops, shop
Orc:2:    st_orc_ogre_mass, layout_caves, nicolae_orc_flooded_monolith,
          nicolae_orc_lost_temple
Elf:1:    nicolae_elf_arrival_fired_up, layout_gridlike, serial_shops, shop,
          hangedman_elf_represent, amcnicky_mini_rare_corridor_liquid,
          small_statue_intersection
Elf:2:    nicolae_elf_blades_crystal_corner, layout_gridlike, special_room
          [special_room_mythical_zoo], serial_shops,
          nicolae_shop_pleasant_corner_grove
Elf:3:    minmay_elf_hall_four_x, layout_loops_corners, grunt_ministairs_4,
          uniq_asterion
Vaults:1: vaults_mumra_lcd, v_misc_29, vaults_mumra_chevron_long,
          nicolae_vaults_surprise_closet_hard, hangedman_vaults_impose,
          nicolae_vaults_wrenched, v_pattern_1, v_misc_26, serial_ice_m,
          hangedman_vaults_locks, v_misc_26, nicolae_vaults_tetromino_T_2,
          nicolae_vaults_tetromino_T_1, vaults_dpeg_hooks,
          nicolae_vaults_tetromino_T_2, nicolae_vaults_two_Ls,
          layout_vaults_omnicross, serial_shops, nicolae_shop_real_fake_doors
Vaults:2: nicolae_vaults_storage_closets_3, minmay_crypt_entry_simple_corners,
          v_misc_5, v_misc_33, nicolae_vaults_trapezoid_layered, v_rooms_5,
          v_misc_23, v_alt_pattern_1, v_pattern_5, layout_vaults_quadrants,
          serial_shops, shop, shop
Vaults:3: nicolae_vaults_double_plus_2, nicolae_vaults_tetromino_L_2, v_misc_18,
          v_misc_18, nicolae_vaults_steering_wheel, vaults_room_fancy_cross,
          st_octagons_2, v_misc_8, nicolae_vaults_cochlea,
          ontoclasm_vaults_spin, hangedman_vaults_nodes, vaults_room_semicircle,
          grunt_vaults_funnel, nicolae_vaults_trapezoid_3,
          layout_vaults_maze_bifur
Vaults:4: nicolae_vaults_fighting_squares, nicolae_vaults_closet_pinwheel_3,
          hangedman_vaults_river_flow, nicolae_vaults_lightning_bolt, v_misc_11,
          nicolae_vaults_frosty_reception, v_misc_33, grunt_vaults_focal,
          vaults_room_boxed, grunt_vaults_diagonal, nicolae_vaults_shelves_hall,
          nicolae_vaults_tangram_2, nicolae_vaults_tangram_1,
          nicolae_vaults_variable_pillar_hall, nicolae_vaults_tetromino_Z_2,
          layout_vaults_ring
Vaults:5
Depths:1: layout_basic, hell_entry, pan_entry, minmay_the_grid_2x2
          [minmay_the_grid_zigzag_pyramid, minmay_the_grid_x,
          minmay_the_grid_rooms, minmay_the_grid_prize_diamond_cup],
          kennysheep_random_hallway, serial_bayou_shore_b, minmay_shop_grove,
          uniq_norris
Depths:2: minmay_distorted_concentric_squares, layout_honeycomb,
          enter_ziggurat_b, rand_demon_pan_entry_9, fedhas_altar_2,
          grunt_hell_entry_dis_old, minmay_hedge_maze, skrybe_limestone_x
Depths:3: minmay_tri_stars, layout_cave_shapes, chequers_jeans, hellmouth_3,
          nicolae_abyss_entry_one_way_or_another, nicolae_transporter_circle
Depths:4: grunt_zot_entry_alcove, layout_basic, hell_entry
Zot:1:    nicolae_zot_draconian_monastery, layout_basic, uniq_vv, uniq_parghit
Zot:2:    layout_basic, gammafunk_ghost_arena, serial_nicolae_subway,
          nicolae_sub_station_metal, nicolae_sub_station_stone,
          nicolae_sub_station_crystal
Zot:3:    layout_gridlike, grunt_megastairs_1, lemuel_elevator
Zot:4:    layout_misc_corridors, uniq_josephina
Zot:5:    layout_basic, st_stairs_6, grunt_megastairs_4

Skill      XL: |  1  2  3  4  5  6  7  8  9 10 11 12 13 14 15 16 17 18 19 20 21 22 23 24 25 |
---------------+----------------------------------------------------------------------------+-----
Axes           | 4 5 6 9 11 12 13 16 17 19 22 25 25 26 | 26.3
Armour         | 1 2 3 5 8 10 12 14 15 16 17 18 20 22 24 25 26 25 26 | 26.7
Shields        | 1 2 3 10 12 15 18 20 18 | 18.4
Fighting       | 3 4 5 6 8 9 11 13 15 17 18 19 21 22 24 25 26 25 26 | 26.8
Maces & Flails | 1 4 7 9 8 |  8.4
Polearms       | 6 7 8 10 9 |  9.3
Evocations     | 2 4 5 6 8 10 9 |  9.1
Dodging        | 4 0 |  0.0
Unarmed Combat | 3 2 |  2.8
Throwing       | 1 |  1.7

Action                     |  1- 3 |  4- 6 |  7- 9 | 10-12 | 13-15 | 16-18 | 19-21 | 22-24 | 25-27 || total
---------------------------+-------+-------+-------+-------+-------+-------+-------+-------+-------++-------
  Melee: War axe           |    74 |    62 |     8 |    18 |    76 |   104 |   326 |       |       ||   668
         Headbutt          |     9 |    25 |    51 |   136 |   331 |   412 |   558 |   453 |   127 ||  2102
         Flail             |       |    79 |   136 |    79 |       |       |       |       |       ||   294
         Trident           |       |       |   121 |   519 |  1330 |  1680 |  1093 |       |       ||  4743
         Morningstar       |       |       |       |       |     7 |       |       |       |       ||     7
         Kick              |       |       |       |       |       |   262 |   327 |       |       ||   589
         Eveningstar       |       |       |       |       |       |    10 |       |       |       ||    10
         Broad axe         |       |       |       |       |       |       |   482 |  1404 |   381 ||  2267
   Fire: Sling             |       |     2 |       |       |       |       |       |       |       ||     2
  Throw: Throwing net      |       |     3 |     5 |     1 |     2 |       |       |       |       ||    11
         Javelin           |       |     1 |     5 |     3 |       |       |       |       |       ||     9
         Dart              |       |       |    25 |    40 |    27 |       |       |       |       ||    92
         Boomerang         |       |       |     6 |    19 |       |       |       |       |       ||    25
 Invoke: Sacrifice Arcana  |       |       |       |     1 |       |       |       |       |       ||     1
         Sacrifice Essence |       |       |       |     1 |       |       |       |       |       ||     1
         Reject Sacrifices |       |       |       |       |     1 |     3 |     1 |       |       ||     5
         Sacrifice Nimblen |       |       |       |       |     1 |       |       |       |       ||     1
         Sacrifice Stealth |       |       |       |       |     1 |       |       |       |       ||     1
         Sacrifice Love    |       |       |       |       |     1 |       |       |       |       ||     1
         Power Leap        |       |       |       |       |       |     2 |       |       |       ||     2
         Draw Out Power    |       |       |       |       |       |     1 |       |       |       ||     1
         Apocalypse        |       |       |       |       |       |       |     1 |     1 |       ||     2
         Sacrifice Skill   |       |       |       |       |       |       |       |     1 |       ||     1
  Evoke: Wand              |       |     2 |     6 |    20 |     5 |     1 |       |       |       ||    34
         Lightning rod     |       |       |       |       |     7 |     5 |     1 |       |       ||    13
         Box of beasts     |       |       |       |       |     1 |       |       |       |       ||     1
    Use: Scroll            |       |       |     6 |    11 |    15 |     9 |     8 |    10 |     3 ||    62
         Potion            |       |       |     3 |     2 |     5 |     2 |     4 |     4 |    14 ||    34
   Stab: Held in net/web   |       |     1 |       |     2 |       |       |       |       |       ||     3
         Distracted        |       |       |       |     1 |     3 |     9 |     1 |     9 |     3 ||    26
         Betrayed ally     |       |       |       |     1 |       |       |       |       |       ||     1
         Invisible         |       |       |       |       |     1 |    19 |    51 |    31 |     9 ||   111
         Paralysed         |       |       |       |       |       |       |     4 |    14 |       ||    18
         Confused          |       |       |       |       |       |       |       |     1 |       ||     1
 Armour: Leather armour    |     4 |    33 |    23 |       |       |       |       |       |       ||    60
         Ring mail         |    25 |       |       |       |       |       |       |       |       ||    25
         Swamp dragon scal |       |       |    48 |    13 |       |       |       |       |       ||    61
         Skin              |       |       |     3 |       |       |       |       |       |       ||     3
         Plate armour      |       |       |       |   205 |   361 |       |       |       |       ||   566
         Gold dragon scale |       |       |       |       |    66 |   850 |   657 |   713 |   181 ||  2467
  Dodge: Dodged            |    39 |    50 |   101 |   134 |   246 |   524 |   707 |   360 |    67 ||  2228
  Block: Buckler           |     6 |    29 |    24 |    69 |    10 |       |       |       |       ||   138
         Kite shield       |       |       |       |       |   436 |   729 |   854 |  1103 |   264 ||  3386
         Reflection        |       |       |       |       |       |       |    10 |    45 |     2 ||    57

Table legend: (Time is in decaauts)
 A = Elapsed time spent in this place.
 B = Non-inter-level travel time spent in this place.
 C = Inter-level travel time spent in this place.
 D = Time resting spent in this place.
 E = Time spent auto-exploring this place.
 F = Levels seen in this place.
 G = Mean time per level.
                   A        B        C        D        E       F      G
               +--------+--------+--------+--------+--------+-----+--------+
         Total |  62473 |  57679 |   4794 |   5185 |  37800 |  51 | 1225.0 |
       Dungeon |  16437 |  14506 |   1931 |   1195 |   9774 |  15 | 1095.8 |
          Lair |   8606 |   7813 |    793 |    950 |   5041 |   5 | 1721.2 |
         Swamp |   3487 |   3213 |    274 |    451 |   2028 |   4 |  871.8 |
   Spider Nest |   5723 |   5504 |    219 |    359 |   3953 |   4 | 1430.8 |
  Orcish Mines |   1691 |   1560 |    131 |    185 |    936 |   2 |  845.5 |
   Elven Halls |   5876 |   5516 |    360 |   1226 |   2984 |   3 | 1958.7 |
        Vaults |   7902 |   7472 |    430 |    150 |   5277 |   5 | 1580.4 |
        Depths |   4458 |   4150 |    308 |      3 |   3096 |   4 | 1114.5 |
           Zot |   5043 |   4700 |    343 |     89 |   3392 |   5 | 1008.6 |
       Ossuary |    522 |    522 |      0 |      0 |    312 |   1 |  522.0 |
        Bailey |    689 |    689 |      0 |    168 |     99 |   1 |  689.0 |
      Ice Cave |   1316 |   1316 |      0 |    404 |    523 |   1 | 1316.0 |
      Gauntlet |    717 |    717 |      0 |      3 |    381 |   1 |  717.0 |
               +--------+--------+--------+--------+--------+-----+--------+

Top non-repeatable levels by time:
   Elf:2: 2634 daAuts
  Lair:5: 2116 daAuts
Spider:1: 1979 daAuts
Vaults:2: 1907 daAuts
  Lair:3: 1859 daAuts
     D:9: 1796 daAuts
   Elf:1: 1722 daAuts
     D:6: 1663 daAuts
  Lair:1: 1641 daAuts
Vaults:4: 1635 daAuts
  Lair:4: 1564 daAuts
   Elf:3: 1520 daAuts
Vaults:3: 1512 daAuts
Vaults:5: 1504 daAuts
     D:4: 1482 daAuts
